 Dungeon Crawl Stone Soup version 0.31.0-11-ge490571c62 (webtiles) character file.

Game seed: 4769274120737750995

21 Ashen the Sneak (level 2, -15/20 HPs)
             Began as a Gnoll Enchanter on Feb 7, 2024.
             Demolished by a sleepcap (19 damage)
             ... on level 4 of the Dungeon.
             The game lasted 00:02:07 (1339 turns).

Ashen the Sneak (Gnoll Enchanter)                   Turns: 1339, Time: 00:02:08

Health: -15/20     AC:  2    Str:  7    XL:     2   Next: 83%
Magic:  7/7        EV:  2    Int: 14    God:
Gold:   117        SH:  0    Dex: 12    Spells: 8/10 levels left

rFire   . . .        a - +1 dagger
rCold   . . .        (no shield)
rNeg    . . .        b - +0 robe
rPois   .            (no helmet)
rElec   .            (no cloak)
rCorr   .            (no gloves)
SInv    .            (no boots)
Will    .....        (no amulet)
Stlth   +++          (no ring)
HPRegen 0.23/turn    (no ring)
MPRegen 0.10/turn

%: no passive effects
@: sleeping
A: fangs 1, strong nose, distributed training
a: no special abilities


You were on level 4 of the Dungeon.
You visited 1 branch of the dungeon, and saw 3 of its levels.

You collected 117 gold pieces.

Inventory:

Hand Weapons
 a - a +1 dagger (weapon)
Armour
 b - a +0 robe (worn)
Scrolls
 f - a scroll of torment {unknown}
 h - 3 scrolls of identify {unknown}
 i - a scroll of enchant weapon {unknown}
 k - a scroll of poison {unknown}
 l - a scroll of amnesia {unknown}
 m - a scroll of teleportation {unknown}
Potions
 d - a potion of brilliance {unknown}
 e - 2 potions of attraction {unknown}
 g - 4 potions of curing {unknown}
 j - a potion of magic {unknown}


   Skills:
 + Level 0.5 Fighting
 + Level 2.5 Short Blades
 + Level 0.5 Long Blades
 + Level 0.5 Axes
 + Level 0.5 Maces & Flails
 + Level 0.5 Polearms
 + Level 0.5 Staves
 + Level 0.5 Ranged Weapons
 + Level 0.5 Throwing
 + Level 0.5 Armour
 + Level 4.5 Dodging
 + Level 5.9 Stealth
 + Level 0.5 Shields
 + Level 0.5 Unarmed Combat
 + Level 4.9 Spellcasting
 + Level 0.4 Conjurations
 + Level 5.4 Hexes
 + Level 0.4 Summonings
 + Level 0.4 Necromancy
 + Level 0.4 Translocations
 + Level 0.4 Fire Magic
 + Level 0.4 Ice Magic
 + Level 0.4 Air Magic
 + Level 0.4 Earth Magic
 + Level 0.4 Alchemy
 + Level 0.7 Invocations
 + Level 0.5 Evocations
 + Level 0.5 Shapeshifting


You had 8 spell levels left.
You knew the following spells:

 Your Spells              Type           Power      Damage    Failure   Level
a - Ensorcelled Hibernat  Hex/Ice        22%        N/A       9%          2

Your spell library contained the following spells:

 Spells                   Type           Power      Damage    Failure   Level
 Confusing Touch          Hex            18%        N/A       6%          3
 Tukima's Dance           Hex            18%        N/A       6%          3
 Apportation              Tloc           8%         N/A       16%         1
 Necrotise                Necr           16%        1d4       16%         1
 Sting                    Conj/Alch      16%        1d4       16%         1
 Summon Small Mammal      Summ           16%        N/A       16%         1
 Dazzling Flash           Conj/Hex       22%        N/A       16%         3
 Call Canine Familiar     Summ           4%         N/A       41%         3
 Summon Blazeheart Golem  Fire/Summ      4%         N/A       83%         4


Dungeon Overview and Level Annotations

Branches:
Dungeon (2/15)

Altars:


Innate Abilities, Weirdness & Mutations

You have very sharp teeth.
Your uncanny sense of smell can sniff out nearby items.
Your experience applies equally to all skills.


Message History

You hit the sleepcap but do no damage.
The sleepcap is heavily damaged.
The sleepcap completely misses you.
You hit the sleepcap.
The sleepcap is heavily damaged.
You hit the sleepcap.
The sleepcap is heavily damaged.
The sleepcap completely misses you.
You hit the sleepcap but do no damage.
You bite the sleepcap, but do no damage.
The sleepcap is heavily damaged.
The sleepcap closely misses you.
You hit the sleepcap.
You bite the sleepcap, but do no damage.
The sleepcap is heavily damaged.
The sleepcap releases spores at you.
You hit the sleepcap but do no damage.
The sleepcap is heavily damaged.
The sleepcap barely misses you.
You hit the sleepcap but do no damage.
You bite the sleepcap, but do no damage.
The sleepcap is heavily damaged.
The sleepcap barely misses you.
You hit the sleepcap.
The sleepcap is severely damaged.
The sleepcap closely misses you.
You hit the sleepcap.
The sleepcap is severely damaged.
The sleepcap closely misses you.
You hit the sleepcap.
The sleepcap is almost destroyed.
You hit the sleepcap but do no damage.
The sleepcap is almost destroyed.
The sleepcap releases spores at you!
* * * LOW HITPOINT WARNING * * *
You are engulfed in a cloud of soporific spores!
You fall asleep.
The sleepcap releases spores at you!!
Ouch! That really hurt!
You die...

## ## ####S. ..
#< #..J .#.#
#f#####.#####...#
+.@..............
#.......#.##.##.
#########....# ..
#..##...#
#.#####..##>#.#
#...........#
####....####...
#..........+ .
#.)......###


You could see a sleepcap.

Vanquished Creatures
  A dart slug (D:2)
  2 bats (D:1)
  2 endoplasms (D:1)
  3 giant cockroaches (D:1)
  2 goblins (D:1)
  A hobgoblin (D:1)
  2 quokkas (D:1)
  A ball python (D:1)
  A frilled lizard (D:1)
  A rat (D:1)
16 creatures vanquished.

Notes
Turn   | Place    | Note
-------+----------+-------------------------------------------
     0 | D:1      | Ashen the Gnoll Enchanter began the quest for the Orb.
     0 | D:1      | Reached XP level 1. HP: 13/13 MP: 6/6
   265 | D:1      | Reached XP level 2. HP: 19/19 MP: 7/7
   268 | D:1      | Learned a level 2 spell: Ensorcelled Hibernation
  1300 | D:2      | You fall into a shaft and drop 2 floors!
  1339 | D:4      | Demolished by a sleepcap

Illustrated notes

Levels and vault maps discovered:
D:1:      dpeg_arrival_lava_temple_mockup, layout_basic
D:2:      minmay_chambers_of_ones, layout_rooms, grunt_decor_clamped,
          lightli_corner_chamber
D:4:      layout_basic

Action                     || total
---------------------------++-------
  Melee: Dagger            ||    61
         Bite              ||    10
   Cast: Ensorcelled Hiber ||     8
    Use: Potion            ||     2
   Stab: Sleeping          ||    13
         Invisible         ||     1
 Armour: Robe              ||    20
  Dodge: Dodged            ||    43
